 Dungeon Crawl Stone Soup version 0.29-a0-789-g7a8fcbc185 (webtiles) character file.

Game seed: 9403052427470577185

473 zeratav the Skirmisher (level 6, 0/30 HPs)
             Began as a Spriggan Hunter on July 3, 2022.
             Slain by an ogre
             ... wielding a +0 giant club
              (22 damage)
             ... on level 5 of the Dungeon.
             The game lasted 00:07:09 (4739 turns).

zeratav the Skirmisher (Spriggan Hunter)            Turns: 4739, Time: 00:07:09

Health: 0/30       AC:  2    Str:  7    XL:     6   Next: 84%
Magic:  7/7        EV: 18    Int: 11    God:
Gold:   97         SH:  0    Dex: 20    Spells: 5/5 levels left

rFire   . . .      SeeInvis +   a - +0 shortbow {bow}
rCold   . . .      Faith    .   (shield currently unavailable)
rNeg    . . .      Spirit   .   c - +0 robe
rPois   .          Reflect  .   (helmet restricted)
rElec   .          Harm     .   (no cloak)
rCorr   .          Rampage  .   (gloves unavailable)
Will    +....                   (boots unavailable)
Stlth   ++........              (no amulet)
HPRegen 0.10/turn               (no ring)
MPRegen 0.10/turn               (no ring)

@: very quick
A: very small, no large weapons, unfitting armour, see invisible, speed 3
a: no special abilities


You were on level 5 of the Dungeon.
You visited 1 branch of the dungeon, and saw 5 of its levels.

You collected 217 gold pieces.
You spent 120 gold pieces at shops.


Innate Abilities, Weirdness & Mutations

You are very small and have problems with some larger weapons.
You are too small for most types of armour.
You have supernaturally acute eyesight. (SInv)
You cover ground extremely quickly. (Speed+++)


   Skills:
 - Level 1.5 Fighting
 + Level 9.9 Ranged Weapons
 - Level 2.6 Dodging
 - Level 1.5 Stealth


You had 5 spell levels left.
You didn't know any spells.
Your spell library contained the following spells:

 Spells                   Type           Power      Damage    Failure   Level
 Magic Dart               Conj           0%         1d3       34%         1
 Call Imp                 Summ           0%         N/A       47%         2
 Mephitic Cloud           Conj/Pois/Air  0%         N/A       71%         3

Inventory:

Hand Weapons
 a - a +0 shortbow (weapon) {bow}
 k - the +1 whip of Exoneration {speed, rElec rF++ rC- Dex+8, @e2mace}
   (You found it on level 2 of the Dungeon)

   Attacks with this weapon are significantly faster.
   Dex:       It affects your dexterity (+8).
   rF:        It greatly protects you from fire.
   rC:        It makes you vulnerable to cold.
   rElec:     It insulates you from electricity.
Armour
 c - a +0 robe (worn)
Jewellery
 d - a ring of wizardry
   (You found it on level 1 of the Dungeon)
 l - a +6 ring of intelligence
   (You found it on level 2 of the Dungeon)
Wands
 f - a wand of paralysis (9)
   (You found it on level 3 of the Dungeon)
 j - a wand of polymorph (4)
   (You took it off Jessica on level 2 of the Dungeon)
 t - a wand of flame (23)
   (You found it on level 4 of the Dungeon)
Scrolls
 b - 2 scrolls of immolation {!r!r}
 e - 3 scrolls of fog
 g - 2 scrolls of amnesia
 i - 3 scrolls of enchant weapon
 m - a scroll of vulnerability {!r!r}
 p - 3 scrolls of teleportation {@r4}
 q - a scroll of identify {@r1}
 r - a scroll of fear {unknown}
 s - 2 scrolls of poison {!r}
Potions
 h - a potion of brilliance
 n - 2 potions of magic
 o - a potion of ambrosia {unknown}
 u - 2 potions of heal wounds {unknown}
 v - a potion of mutation {unknown}

Dungeon Overview and Level Annotations

Branches:
Dungeon (5/15) Zot: 26140
 Temple: D:4-7

Altars:
Sif Muna
Uskayaw

Shops:
D:2

? ..##..#
>.....#
.......
.......
.......
(.....#
##.......
#@..#
#)O##
#..# ))##
.)# ...#
#+o. #..


You could see an ogre and an orc.


Message History

No target in view!
An adder comes into view.
There is an open door here.
An adder is nearby!
An adder is nearby!
You shoot an arrow. The arrow hits the adder.
You shoot an arrow. The arrow hits the adder.
You shoot an arrow. The arrow hits the adder.
You kill the adder!
No target in view!
No target in view!
There is an open door here.
You open the door.
An adder comes into view.
An adder is nearby!
An adder is nearby!
An adder is nearby!
You shoot an arrow. The arrow hits the adder.
The adder hisses angrily.
You shoot an arrow. The arrow hits the adder.
You shoot an arrow. The arrow barely misses the adder.
You shoot an arrow. The arrow closely misses the adder.
The adder bites you. The adder barely misses you.
HP[-3]
You take 3 damage, and now have 27/30 hp.
You shoot an arrow. The arrow barely misses the adder.
The adder barely misses you.
You shoot an arrow. The arrow hits the adder!
You kill the adder!
No target in view!
No target in view!
No target in view!
There is an open door here.
You see here an adder corpse.
You see here a +0 dagger {short}.
You see here a +2 whip of venom {mace}.
There is a broken door here.
There is an open door here.
You see here a +0 dagger {short}.
Done exploring.
HP[+3]
Your hp is fully restored (30).
Done exploring.
Done exploring.
No target in view!
(D) Dungeon
Where to? (Enter - D:4 @ (x,y), ? - help)
You see here a +0 dagger {short}.
There is an open door here.
You see here a +0 dagger {short}.
There is a broken door here.
There is an open door here.
There is an open door here.
There is a stone staircase leading down here.
You climb downwards.
The orc shouts!
You hear a shout! x3
Found 3 stones.
Found an escape hatch in the floor.
There is a stone staircase leading up here.
There are monsters nearby!
There are monsters nearby!
You shoot an arrow. The orc shouts!
The arrow hits the orc but does no damage.
An orc comes into view. It is wielding a +0 short sword.
An orc comes into view. It is wielding a +0 dagger.
You shoot an arrow. The orc shouts!
The arrow hits the orc.
You shoot an arrow. The arrow hits the orc!
You kill the orc!
You shoot an arrow. The arrow hits the orc.
You shoot an arrow. The arrow hits the orc!
You kill the orc!
An ogre comes into view. It is wielding a +0 giant club.
You shoot an arrow. The arrow hits the orc!
You kill the orc!
You shoot an arrow. The arrow hits the orc.
You shoot an arrow. The arrow hits the orc.
The orc hits you with a +0 short sword.
HP[-4]
You take 4 damage, and now have 26/30 hp.
You shoot an arrow. The arrow barely misses the orc.
The arrow closely misses the ogre.
The orc misses you.
You shoot an arrow. The arrow completely misses the orc.
The arrow hits the ogre!
The orc hits you with a +0 short sword.
HP[-4]
You take 4 damage, and now have 22/30 hp.
You shoot an arrow.
The arrow hits the orc but does no damage.
The orc closely misses you.
You shoot an arrow. The arrow hits the orc!
You kill the orc!
The ogre barely misses you.
An orc comes into view. It is wielding a +0 short sword.
You shoot an arrow. The arrow closely misses the ogre.
The orc shouts!
You shoot an arrow. The arrow hits the ogre.
The ogre hits you with a +0 giant club!!
Ouch! That really hurt!
You die...

Skill      XL: |  1  2  3  4  5  6 |
---------------+-------------------+-----
Ranged Weapons | 5 6 7 8 9 |  9.9
Fighting       | |  1.5
Dodging        | |  2.6
Stealth        | |  1.5

Action                   |  1- 3 |  4- 6 || total
-------------------------+-------+-------++-------
Melee: Whip              |    19 |    20 ||    39
 Fire: Shortbow          |    72 |   215 ||   287
  Use: Scroll            |       |    10 ||    10
Armor: Robe              |     4 |     7 ||    11
Dodge: Dodged            |    40 |    63 ||   103

Levels and vault maps discovered:
D:1:      minmay_arrival_checkered_box, layout_rooms,
          dreamdust_mushroom_princess
D:2:      layout_rooms, serial_shops, nicolae_shop_crystal, st_stairs_4,
          uniq_jessica, uniq_natasha
D:3:      layout_rooms, nicolae_uskayaw_dance_hall, kennysheep_potato
D:4:      layout_gridville, lemuel_round_altar
D:5:      layout_layer_cave, jmf_multi_god_temple, grunt_temple_overflow_open,
          minmay_temple_entry_junction_2

Notes
Turn   | Place    | Note
-------+----------+-------------------------------------------
     0 | D:1      | zeratav the Spriggan Hunter began the quest for the Orb.
     0 | D:1      | Reached XP level 1. HP: 10/10 MP: 2/2
     0 | D:1      | magus.rc [v1.9.6]
    19 | D:1      | Reached skill level 5 in Ranged Weapons
   104 | D:1      | Reached XP level 2. HP: 13/14 MP: 3/3
   503 | D:1      | Reached skill level 6 in Ranged Weapons
   571 | D:2      | Noticed Natasha
   573 | D:2      | Reached XP level 3. HP: 18/18 MP: 4/4
   575 | D:2      | HP: 2/18 [Natasha/magic dart (8)]
   901 | D:2      | Identified the +1 whip of Exoneration {speed, rElec rF++
                  | rC- Dex+8}
   917 | D:2      | Killed Natasha
   968 | D:2      | Noticed Natasha
   982 | D:2      | Killed Natasha
   983 | D:2      | Reached skill level 7 in Ranged Weapons
   983 | D:2      | Reached XP level 4. HP: 16/22 MP: 5/5
  1098 | D:2      | You pick up a book of Minor Magic and begin reading...
  1098 | D:2      | You add the spells Magic Dart, Call Imp and Mephitic Cloud
                  | to your library.
  1135 | D:2      | Found Cimmus's Magic Scroll Emporium.
  1153 | D:2      | Bought 3 scrolls of identify for 72 gold pieces
  1175 | D:2      | Noticed Jessica
  1181 | D:2      | Killed Jessica
  1182 | D:2      | Noticed Natasha
  1521 | D:2      | HP: 4/22 [shadow imp[Natasha] (4)]
  1522 | D:2      | Killed Natasha
  1523 | D:2      | Reached XP level 5. HP: 5/25 MP: 6/6
  1827 | D:2      | Reached skill level 8 in Ranged Weapons
  2024 | D:2      | HP: 6/25 [gnoll/+0 spear (5)]
  2495 | D:2      | Bought a scroll of identify for 24 gold pieces
  2495 | D:2      | Bought a scroll of identify for 24 gold pieces
  2597 | D:3      | Found a hide-covered altar of Uskayaw.
  3110 | D:4      | Reached XP level 6. HP: 30/30 MP: 7/7
  3116 | D:4      | Reached skill level 9 in Ranged Weapons
  3887 | D:4      | Found a shimmering blue altar of Sif Muna.
  4725 | D:5      | Entered Level 5 of the Dungeon
  4739 | D:5      | Slain by an ogre

Vanquished Creatures
  An orc priest (D:4)
  An iguana (D:4)
  Jessica (D:2)
  Natasha (thrice) (D:2)
  3 orc wizards
  7 gnolls
  7 adders
  A dart slug (D:3)
  13 orcs
  11 endoplasms
  6 giant cockroaches
  6 goblins
  7 hobgoblins
  6 jackals
  5 quokkas
  5 ball pythons
  5 bats
  5 frilled lizards
  4 kobolds
  7 rats
104 creatures vanquished.

Vanquished Creatures (others)
  3 fungi (D:1)
3 creatures vanquished.

Grand Total: 107 creatures vanquished

Table legend:
 A = Non-vault XP
 B = Vault XP
 C = Vault XP percentage of total XP
 D = Non-vault monster count
 E = Vault monster count
 F = Vault count percentage of total count
                 A         B        C        D         E       F
            +---------+---------+-------+---------+---------+-------
      Total |     572 |     105 |  15.5 |      96 |       8 |   7.7
            +---------+---------+-------+---------+---------+-------
        D:1 |      39 |      15 |  27.8 |      25 |       2 |   7.4
        D:2 |     150 |      86 |  36.4 |      19 |       3 |  13.6
        D:3 |      82 |       4 |   4.7 |      19 |       3 |  13.6
        D:4 |     289 |       0 |   0.0 |      29 |       0 |   0.0
        D:5 |      12 |       0 |   0.0 |       4 |       0 |   0.0
            +---------+---------+-------+---------+---------+-------

Illustrated notes

Table legend:
 A = Kills in this place as a percentage of kills in entire the game.
 B = Kills by you in this place as a percentage of kills by you in the entire game.
 C = Kills by friends in this place as a percentage of kills by friends in the entire game.
 D = Other kills in this place as a percentage of other kills in the entire game.
 E = Experience gained in this place as a percentage of experience gained in the entire game.
 F = Experience gained in this place divided by the number of levels of this place that you have seen.
                   A       B       C       D       E      F
               +-------+-------+-------+-------+-------+----------------------
         Total | 100.0 | 100.0 |   N/A |   N/A | 100.0 | 135.4
       Dungeon | 100.0 | 100.0 |   N/A |   N/A | 100.0 | 135.4
               +-------+-------+-------+-------+-------+----------------------

Table legend: (Time is in decaauts)
 A = Elapsed time spent in this place.
 B = Non-inter-level travel time spent in this place.
 C = Inter-level travel time spent in this place.
 D = Time resting spent in this place.
 E = Time spent auto-exploring this place.
 F = Levels seen in this place.
 G = Mean time per level.
                   A        B        C        D        E       F      G
               +--------+--------+--------+--------+--------+-----+--------+
         Total |   3858 |   3742 |    116 |   1555 |   1486 |   5 |  771.6 |
       Dungeon |   3858 |   3742 |    116 |   1555 |   1486 |   5 |  771.6 |
               +--------+--------+--------+--------+--------+-----+--------+

Top non-repeatable levels by time:
     D:1: 1025 daAuts
     D:4: 996 daAuts
     D:2: 962 daAuts
     D:3: 860 daAuts
     D:5: 13 daAuts
